 Dungeon Crawl Stone Soup version 0.29.1-2-gbd0b4ee654 (webtiles) character file.

Game seed: 6893406319949822903

248 safid the Shooter (level 5, -1/48 HPs)
             Began as a Minotaur Hunter on Nov 22, 2022.
             Was an Initiate of Okawaru.
             Slain by an orc warrior
             ... wielding a +0 battleaxe
              (3 damage)
             ... on level 4 of the Dungeon.
             The game lasted 00:03:34 (3010 turns).

safid the Shooter (Minotaur Hunter)                 Turns: 3010, Time: 00:03:35

Health: -1/48      AC:  6    Str: 15    XL:     5   Next: 86%
Magic:  4/4        EV: 10    Int:  6    God:    Okawaru [......]
Gold:   206        SH:  0    Dex: 16    Spells: 4/4 levels left

rFire   + . .      SeeInvis .   a - +0 shortbow
rCold   + . .      Faith    .   (shield currently unavailable)
rNeg    + . .      Spirit   .   e - +0 scale mail
rPois   +          Reflect  .   (helmet restricted)
rElec   .          Harm     .   (no cloak)
rCorr   .          Rampage  .   (no gloves)
Will    .....      Rage     3%  (no boots)
Stlth   ..........              (no amulet)
HPRegen 0.16/turn               g - ring of positive energy
MPRegen 0.09/turn               q - ring of protection from cold

@: no status effects
A: horns 2, retaliatory headbutt, berserk 1, fire resistance 1, poison
resistance
a: Renounce Religion


You were on level 4 of the Dungeon.
You worshipped Okawaru.
Okawaru was noncommittal.
You visited 2 branches of the dungeon, and saw 5 of its levels.

You collected 206 gold pieces.

Inventory:

Hand Weapons
 a - a +0 shortbow (weapon)
Armour
 e - a +0 scale mail (worn)
Jewellery
 g - a ring of positive energy (left hand)
 q - a ring of protection from cold (right hand)
Wands
 r - a wand of charming (3)
 t - a wand of iceblast (9)
Scrolls
 b - a scroll of teleportation {unknown}
 c - 10 scrolls of identify {unknown}
 i - a scroll of torment {unknown}
 m - a scroll of noise {unknown}
 n - 2 scrolls of fog {unknown}
 o - a scroll of brand weapon {unknown}
 s - a scroll of acquirement {unknown}
 u - a scroll of fear {unknown}
Potions
 d - a potion of berserk rage {unknown}
 f - a potion of lignification {unknown}
 h - 2 potions of mutation
 j - a potion of attraction {unknown}
 k - 2 potions of heal wounds {unknown}
 l - a potion of resistance
 p - a potion of cancellation {unknown}


   Skills:
 + Level 5.5 Fighting
 + Level 6.3 Ranged Weapons
 - Level 2.1 Dodging
 - Level 0.7 Stealth


You had 4 spell levels left.
You didn't know any spells.
Your spell library contained the following spells:

 Spells                   Type           Power      Damage    Failure   Level
 Beastly Appendage        Tmut           0%         N/A       91%         1
 Sandblast                Erth           0%         2d4       91%         1
 Passwall                 Tmut/Erth      0%         N/A       97%         2
 Static Discharge         Conj/Air       0%         3-3/arc   97%         2
 Gell's Gravitas          Tloc           0%         N/A       99%         3
 Stone Arrow              Conj/Erth      0%         3d7       99%         3
 Teleport Other           Tloc           0%         N/A       99%         3
 Lightning Bolt           Conj/Air       0%         1d11      100%        5
 Dispersal                Tloc           0%         N/A       100%        6
 Maxwell's Capacitive Co  Air            0%         ∞         100%        8


Dungeon Overview and Level Annotations

Branches:
Dungeon (4/15)             Temple (1/1) D:4

Altars:
Ashenzari
Cheibriados
Dithmenos
Elyvilon
Fedhas
Gozag
Hepliaklqana
Makhleb
Nemelex Xobeh
Okawaru
Ru
Trog
Uskayaw
Vehumet
Wu Jian
Xom
Yredelemnul

Annotations:
D:2 1 runed translucent door, Crazy Yiuf


Innate Abilities, Weirdness & Mutations

You have a pair of horns on your head.
You reflexively headbutt those who attack you in melee.
You sometimes lose your temper in combat.
Your flesh is heat resistant. (rF+)
Your system is resistant to poisons. (rPois)


Message History

The adder closely misses you.
Fire: a) +0 shortbow
Press: ? - help, Q - select action, (/) - cycle Shift-Dir - straight line, f/p - orc warrior
Aim: an orc warrior, wielding a +0 battleaxe and wearing a +0 plate armour (severely wounded, 65% to hit)
You shoot an arrow.
The arrow barely misses the orc warrior.
The adder closely misses you. The orc warrior completely misses you.
The adder barely misses you. The orc warrior barely misses you.
Fire: a) +0 shortbow
Press: ? - help, Q - select action, (/) - cycle Shift-Dir - straight line, f/p - orc warrior
Aim: an orc warrior, wielding a +0 battleaxe and wearing a +0 plate armour (severely wounded, 65% to hit)
You shoot an arrow.
The arrow barely misses the orc warrior.
The adder bites you but does no damage.
The orc warrior hits you with a +0 battleaxe!
The adder bites you but does no damage.
Fire: a) +0 shortbow
Press: ? - help, Q - select action, (/) - cycle Shift-Dir - straight line, f/p - orc warrior
Aim: an orc warrior, wielding a +0 battleaxe and wearing a +0 plate armour (severely wounded, 65% to hit)
You shoot an arrow.
The arrow barely misses the orc warrior.
The adder barely misses you. The orc warrior barely misses you.
The adder barely misses you. You furiously retaliate!
You headbutt the adder!
The orc warrior hits you with a +0 battleaxe.
Fire: a) +0 shortbow
Press: ? - help, Q - select action, (/) - cycle Shift-Dir - straight line, f/p - orc warrior
Aim: an orc warrior, wielding a +0 battleaxe and wearing a +0 plate armour (severely wounded, 65% to hit)
You shoot an arrow.
The arrow closely misses the orc warrior.
The adder closely misses you. You furiously retaliate!
You headbutt the adder.
The orc warrior hits you with a +0 battleaxe!
* * * LOW HITPOINT WARNING * * *
The adder barely misses you. You furiously retaliate!
You headbutt the adder.
You kill the adder!
Okawaru accepts your kill.
It was a potion of mutation.
You feel extremely strange.
You feel a little pissed off.
You feel resistant to poisons.
You feel resistant to heat.
The orc warrior hits you with a +0 battleaxe.
You die...

.....#
......#
#......
.###...##
...#....#
.#!#....#
...#..†.###
##.#..o@'.#
..#.....#.#
........#.#
.......##.#
......# #.#
#########.#
#...# #.##
##.###
..########..#


You could see an orc warrior.

Vanquished Creatures
  A howler monkey (D:3)
  2 jellies
  A hound (D:4)
  3 gnolls (D:4)
  3 adders (D:4)
  A worm (D:2)
  4 dart slugs
  An orc (D:3)
  3 bats
  8 endoplasms
  2 giant cockroaches (D:4)
  6 goblins
  3 hobgoblins
  4 ball pythons
  6 frilled lizards
  7 kobolds
  3 rats
58 creatures vanquished.

Notes
Turn   | Place    | Note
-------+----------+-------------------------------------------
     0 | D:1      | safid the Minotaur Hunter began the quest for the Orb.
     0 | D:1      | Reached XP level 1. HP: 18/18 MP: 0/0
    81 | D:1      | Reached XP level 2. HP: 25/25 MP: 1/1
   697 | D:2      | Found a faded altar of an unknown god.
   705 | D:2      | Got Plato's Grimoire of Shapeshifting
  1003 | D:2      | Reached skill level 5 in Ranged Weapons
  1003 | D:2      | Reached XP level 3. HP: 29/31 MP: 2/2
  1278 | D:2      | Found a runed translucent door.
  1279 | D:2      | Noticed Crazy Yiuf
  1691 | D:3      | Reached XP level 4. HP: 26/40 MP: 3/3
  2222 | D:4      | Reached XP level 5. HP: 26/47 MP: 4/4
  2508 | D:4      | Reached skill level 5 in Fighting
  2508 | D:4      | Reached skill level 6 in Ranged Weapons
  2584 | D:4      | Found a staircase to the Ecumenical Temple.
  2599 | Temple   | Entered the Ecumenical Temple
  2792 | Temple   | Became a worshipper of Warmaster Okawaru
  2999 | D:4      | Noticed an orc warrior
  3009 | D:4      | HP: 2/48 [orc warrior/+0 battleaxe (16)]
  3010 | D:4      | Gained mutation: You sometimes lose your temper in combat.
                  | [potion of mutation]
  3010 | D:4      | Gained mutation: Your system is resistant to poisons.
                  | (rPois) [potion of mutation]
  3010 | D:4      | Gained mutation: Your flesh is heat resistant. (rF+)
                  | [potion of mutation]
  3010 | D:4      | Slain by an orc warrior

Illustrated notes

Levels and vault maps discovered:
D:1:      nzn_arrival_crosshair, layout_rooms, serial_park_tiny_1,
          patterned_corridor
D:2:      layout_basic, shapermc_ecumenical_altar_rom_forum,
          minmay_crystal_water, corexii_leaking_fountain, corexii_corridor_pit,
          minmay_misc_feat_rows, uniq_crazy_yiuf_cottage
D:3:      layout_basic, serial_curves, eino_curves_03, eino_curves_01,
          minivault_4
D:4:      layout_rooms, minmay_temple_entry_ruins, kennysheep_potato
Temple:   minmay_crystal_spiral_temple

Skill      XL: |  1  2  3  4  5 |
---------------+----------------+-----
Fighting       | 3 4 5 |  5.5
Ranged Weapons | 5 6 |  6.3
Dodging        | |  2.1
Stealth        | |  0.7

Action                   |  1- 3 |  4- 6 || total
-------------------------+-------+-------++-------
 Fire: Shortbow          |    98 |    92 ||   190
  Use: Potion            |       |     1 ||     1
Armor: Scale mail        |    11 |    14 ||    25
Dodge: Dodged            |    19 |    35 ||    54
